 Dungeon Sprint DCSS version 0.30-a0-222-ge547ba4400 (webtiles) character file.

Game seed: 15227886618892669383

377 rocky1 the Basher (level 6, 0/57 HPs)
             Began as a Minotaur Gladiator on Oct 9, 2022.
             Slain by a neqoxec (11 damage)
             ... in the Dungeon (Sprint II: "The Violet Keep of Menkaure").
             The game lasted 00:00:47 (29 turns).

rocky1 the Basher (Minotaur Gladiator)                Turns: 29, Time: 00:00:47

Health: 0/57       AC:  3    Str: 18    XL:     6   Next: 45%
Magic:  5/5        EV: 15    Int:  5    God:
Gold:   0          SH:  0    Dex: 12    Spells: 5/5 levels left

rFire   . . .      SeeInvis .    a - +0 flail
rCold   . . .      Faith    .    (no shield)
rNeg    . . .      Spirit   .    b - +0 leather armour
rPois   .          Reflect  .    c - +0 hat
rElec   .          Harm     .    (no cloak)
rCorr   .          Rampage  .    (no gloves)
Will    .....      Rage     3%   (no boots)
Stlth   +......... NoTele   +    (no amulet)
HPRegen 0.29/turn                (no ring)
MPRegen 0.09/turn                (no ring)

@: on berserk cooldown, slowed, very slow
A: horns 2, retaliatory headbutt, berserk 1, weak 1
a: no special abilities


You were in the Dungeon.
You visited 1 branch

Inventory:

Hand Weapons
 a - a +0 flail (weapon)
Missiles
 d - 3 throwing nets (quivered)
 e - a javelin
Armour
 b - a +0 leather armour (worn)
 c - a +0 hat (worn)
Scrolls
 k - a scroll of blinking
Potions
 f - a potion of curing
 h - a potion of haste
 i - 2 potions of magic


   Skills:
 + Level 6.3 Fighting
 + Level 11.5 Maces & Flails
 - Level 2.0 Throwing
 + Level 3.2 Armour
 + Level 10.1 Dodging


You had 5 spell levels left.
You didn't know any spells.
Your spell library was empty.

Dungeon Overview and Level Annotations

Branches:
Dungeon (1/1)

Altars:


Innate Abilities, Weirdness & Mutations

You have a pair of horns on your head.
You reflexively headbutt those who attack you in melee.
You sometimes lose your temper in combat.
You are weak. (Str -2)


Message History

You barely miss the neqoxec.
The neqoxec is heavily wounded.
The neqoxec barely misses you.
You hit the neqoxec. Your headbutt misses the neqoxec.
The neqoxec is heavily wounded.
The neqoxec completely misses you.
You sock the neqoxec!
The neqoxec is severely wounded.
The neqoxec hits you. The neqoxec closely misses you.
You closely miss the neqoxec.
The neqoxec is severely wounded.
The neqoxec gestures at you.
Something tries to feed on your intellect!
You sock the neqoxec!
The neqoxec is almost dead.
The neqoxec hits you.
You closely miss the neqoxec.
The neqoxec is almost dead.
The neqoxec hits you!
* * * LOW HITPOINT WARNING * * *
The neqoxec closely misses you.
You barely miss the neqoxec.
The neqoxec is almost dead.
The neqoxec completely misses you. You furiously retaliate!
You headbutt the neqoxec.
You kill the neqoxec!
The neqoxec gestures at you.
Strange energies course through your body.
You feel a little pissed off.
Your Fighting skill increases to level 6!
Your Maces & Flails skill increases to level 11!
Your Armour skill increases to level 3!
Your Dodging skill increases to level 10!
You have reached level 6!
The neqoxec barely misses you. You furiously retaliate!
You headbutt the neqoxec, but do no damage.
You hit the neqoxec.
The neqoxec is lightly wounded.
The neqoxec hits you!
You die...

## #+#
#.##
##.###..#
+.<.'##3+
##.##.#@#
#+###.##
###


You could see a neqoxec.

Vanquished Creatures
  3 neqoxecs (D)
3 creatures vanquished.

Notes
Turn   | Place    | Note
-------+----------+-------------------------------------------
     0 | D        | rocky1 the Minotaur Gladiator began the quest for the Orb.
     0 | D        | Reached XP level 1. HP: 18/18 MP: 0/0
     1 | D        | Noticed a neqoxec
     4 | D        | Gained mutation: You are weak. (Str -2) [a neqoxec]
     9 | D        | Killed a neqoxec
    10 | D        | Reached skill level 8 in Maces & Flails
    10 | D        | Reached skill level 1 in Armour
    10 | D        | Reached XP level 2. HP: 28/28 MP: 1/1
    10 | D        | Reached XP level 3. HP: 34/34 MP: 2/2
    10 | D        | Reached XP level 4. HP: 41/41 MP: 3/3
    11 | D        | Noticed a neqoxec
    12 | D        | Noticed a neqoxec
    16 | D        | Noticed a neqoxec
    18 | D        | Killed a neqoxec
    18 | D        | HP: 2/41 [neqoxec (3)]
    19 | D        | Reached skill level 5 in Fighting
    19 | D        | Reached skill level 10 in Maces & Flails
    19 | D        | Reached XP level 5. HP: 3/48 MP: 4/4
    27 | D        | Killed a neqoxec
    27 | D        | Gained mutation: You sometimes lose your temper in combat.
                  | [a neqoxec]
    28 | D        | Reached skill level 11 in Maces & Flails
    28 | D        | Reached skill level 10 in Dodging
    28 | D        | Reached XP level 6. HP: 10/57 MP: 5/5
    29 | D        | Slain by a neqoxec

Illustrated notes

Levels and vault maps discovered:
D:        the_violet_keep_of_menkaure [sprint2_stairs_cluster_1,
          sprint2_shoproom, sprint2_temple, sprint2_basic_supplies,
          sprint2_obstacle_2, sprint2_obstacle_4, sprint2_obstacle_7,
          sprint2_obstacle_3, sprint2_obstacle_5, sprint2_timed_cluster_1,
          sprint2_smallroom_cluster_1, sprint2_smallroom_final_cluster_1,
          sprint2_transparent_cluster_1, sprint2_second_timed_cluster_1,
          sprint2_sniper_area_1, sprint2_heavy_combat_area_1,
          sprint2_mutation_trap_area_1, sprint2_forest_area_1,
          sprint2_light_combat_area_1, sprint2_behind_water_1,
          sprint2_near_end_vault_1]

Skill      XL: |  1  2  3  4  5 |
---------------+----------------+-----
Fighting       | 4 5 6 |  6.3
Maces & Flails | 8 10 11 | 11.5
Armour         | 1 2 3 |  3.2
Dodging        | 7 9 10 | 10.1
Throwing       | |  2.0

Action                   |  1- 3 |  4- 6 || total
-------------------------+-------+-------++-------
Melee: Flail             |     6 |    16 ||    22
       Headbutt          |       |     5 ||     5
  Use: Potion            |     1 |     1 ||     2
Dodge: Dodged            |     1 |    11 ||    12

Table legend: (Time is in decaauts)
 A = Elapsed time spent in this place.
 B = Non-inter-level travel time spent in this place.
 C = Inter-level travel time spent in this place.
 D = Time resting spent in this place.
 E = Time spent auto-exploring this place.
 F = Levels seen in this place.
 G = Mean time per level.
                   A        B        C        D        E       F      G
               +--------+--------+--------+--------+--------+-----+--------+
         Total |     33 |     33 |      0 |      0 |      0 |   1 |   33.0 |
       Dungeon |     33 |     33 |      0 |      0 |      0 |   1 |   33.0 |
               +--------+--------+--------+--------+--------+-----+--------+

Top non-repeatable levels by time:
       D: 33 daAuts
